 Dungeon Crawl Stone Soup version 0.31-a0-986-g5e6e4ef867 (webtiles) character file.

Game seed: 15391379694981373077

204274 monsoonserge the Wrestler (level 18, -10/169 HPs)
             Began as a Troll Shapeshifter on Nov 24, 2023.
             Was a High Priest of Wu Jian.
             Shot with an arrow by a naga sharpshooter (15 damage)
             ... on level 4 of the Snake Pit on Nov 25, 2023.
             The game lasted 02:46:38 (31383 turns).

monsoonserge the Wrestler (Troll Shapeshifter)     Turns: 31383, Time: 02:46:39

Health: -10/169    AC: 10    Str: 33    XL:     18   Next: 38%
Magic:  20/20      EV: 20    Int:  3    God:    Wu Jian [*****.]
Gold:   5910       SH:  0    Dex: 11    Spells: 18/21 levels left

rFire   + .          .
                       - Unarmed
rCold   + + .        O - melded +2 tower shield {AC+3}
rNeg    . . .        P - +0 swamp dragon scales
rPois   +            p - -2 hat of Opnuosm {rC+ Will+ Str+2}
rElec   +            i - scarf {rC+ rF+}
rCorr   +            (gloves unavailable)
SInv    .            (boots unavailable)
Will    +++..        q - amulet of regeneration
Stlth   +            w - ring of willpower
HPRegen 2.08/turn    x - ring "Ossutyl" {rElec rCorr Int-5 Dex+2}
MPRegen 0.17/turn

%: no passive effects
@: flux-form, weakened, in a heavenly storm, glowing, constricted, serpent's
lash
A: glow, contaminating, large, unfitting armour, claws 3, regeneration 1, shaggy
fur 1, tough skin 1
a: Begin Untransformation, Renounce Religion, Wall Jump, Serpent's Lash,
Heavenly Storm


You were on level 4 of the Snake Pit.
You worshipped Wu Jian.
Wu Jian was extremely pleased with you.
You were something dangerously unstable.
You visited 7 branches of the dungeon, and saw 34 of its levels.
You also visited: Ossuary, Gauntlet and Volcano.

You collected 6350 gold pieces.
You spent 440 gold pieces at shops.

Inventory:

Missiles
 k - 43 large rocks
 l - 9 javelins
 v - 10 silver javelins
 M - 10 atropa-tipped darts
 N - 4 throwing nets
 T - 9 curare-tipped darts
Armour
 i - a scarf of resistance (worn)
 o - +0 storm dragon scales
 p - the -2 hat of Opnuosm (worn) {rC+ Will+ Str+2}
   (You found it in a Gauntlet)

   Str+2:     It affects your strength (+2).
   rC+:       It protects you from cold.
   Will+:     It increases your willpower.
 F - the +2 hat of Vathuyq {-Cast Rampage rPois}
   (You found it on level 5 of the Dungeon)

   rPois:     It protects you from poison -Cast: It prevents spellcasting.
   Rampage:   It bestows one free step when moving towards enemies.
 O - a +2 tower shield of protection (melded)
 P - +0 swamp dragon scales (worn)
 Y - +0 acid dragon scales
Jewellery
 q - an amulet of regeneration (around neck)
 w - a ring of willpower (left claw)
 x - the ring "Ossutyl" (right claw) {rElec rCorr Int-5 Dex+2}
   (You acquired it on level 4 of the Shoals)

   [ring of resist corrosion]

   Int-5:     It affects your intelligence (-5).
   Dex+2:     It affects your dexterity (+2).
   rElec:     It insulates you from electricity.
   rCorr:     It protects you from acid and corrosion.
 D - the ring "Beh Huutt" {rF+ rCorr}
   (You bought it in a shop on level 2 of the Orcish Mines)

   [ring of protection from fire]

   rF+:       It protects you from fire.
   rCorr:     It protects you from acid and corrosion.
 K - an amulet of reflection
Talismans
 d - a flux talisman (active)
 g - a blade talisman
Wands
 e - a wand of flame (105) (quivered)
 u - a wand of paralysis (26)
 C - a wand of acid (6)
 S - a wand of polymorph (18)
 Z - a wand of iceblast (5)
Scrolls
 j - 9 scrolls of fog
 s - 2 scrolls of immolation
 t - 4 scrolls of blinking
 A - a scroll of torment
 B - 2 scrolls of butterflies
 E - 9 scrolls of revelation
 H - 6 scrolls of silence
 J - 5 scrolls of poison
 R - 3 scrolls of enchant armour
 U - 9 scrolls of teleportation
 V - 6 scrolls of fear
Potions
 b - 5 potions of lignification
 c - 6 potions of invisibility
 h - 8 potions of haste
 m - 6 potions of enlightenment {unknown}
 n - a potion of ambrosia {unknown}
 r - 4 potions of heal wounds
 z - 6 potions of might
 G - a potion of berserk rage
 I - 3 potions of resistance
 L - 5 potions of cancellation
 Q - 12 potions of curing
 W - 4 potions of mutation
Miscellaneous
 a - a phantom mirror
 f - a lightning rod (4/4)
 y - a sack of spiders
 X - a tin of tremorstones (1/2)


   Skills:
 + Level 8.4 Fighting
 - Level 1.2 Throwing
 + Level 10.5 Armour
 + Level 6.0 Dodging
 - Level 1.0 Stealth
 - Level 2.3 Shields
 + Level 24.6 Unarmed Combat
 - Level 2.0 Spellcasting
 * Level 2.6 Translocations
 + Level 6.0 Evocations
 + Level 11.8 Shapeshifting


You had 18 spell levels left.
You knew the following spells:

 Your Spells              Type           Power      Damage    Failure   Level
a - Blink                 Tloc           2%         N/A       32%         2
b - Apportation           Tloc           2%         N/A       22%         1

Your spell library contained the following spells:

 Spells                   Type           Power      Damage    Failure   Level
 Freeze                   Ice            0%         1d3       54%         1
 Necrotise                Necr           0%         1d4       54%         1
 Sandblast                Erth           0%         2d4       54%         1
 Slow                     Hex            0%         N/A       54%         1
 Sting                    Tmut/Pois      0%         1d3       54%         1
 Summon Small Mammal      Summ           0%         N/A       54%         1
 Jinxbite                 Hex            0%         N/A       67%         2
 Passwall                 Tmut/Erth      0%         N/A       67%         2
 Poisonous Vapours        Pois/Air       0%         N/A       67%         2
 Static Discharge         Conj/Air       0%         3-3/arc   67%         2
 Frozen Ramparts          Ice            0%         1d1       88%         3
 Hailstorm                Conj/Ice       0%         3d3       88%         3
 Ignite Poison            Fire/Tmut/Pois 0%         N/A       88%         3
 Stone Arrow              Conj/Erth      0%         3d7       88%         3
 Summon Guardian Golem    Hex/Summ       0%         N/A       88%         3
 Manifold Assault         Tloc           1%         N/A       91%         4
 Airstrike                Air            0%         2d(0-16)  99%         4
 Anguish                  Hex/Necr       0%         N/A       99%         4
 Animate Dead             Necr           0%         N/A       99%         4
 Brom's Barrelling Bould  Conj/Erth      0%         2d3       99%         4
 Cause Fear               Hex            0%         N/A       99%         4
 Leda's Liquefaction      Hex/Erth       0%         N/A       99%         4
 Olgreb's Toxic Radiance  Pois           0%         N/A       99%         4
 Sticky Flame             Conj/Fire      0%         2d3       99%         4
 Summon Lightning Spire   Summ/Air       0%         N/A       99%         4
 Alistair's Intoxication  Tmut/Pois      0%         N/A       100%        5
 Borgnjor's Vile Clutch   Necr/Erth      0%         N/A       100%        5
 Fireball                 Conj/Fire      0%         3d3       100%        5
 Lee's Rapid Deconstruct  Erth           0%         3d4*      100%        5
 Bombard                  Conj/Erth      0%         9d1       100%        6
 Death Channel            Necr           0%         N/A       100%        6
 Eringya's Noxious Bog    Tmut/Pois      0%         4d6       100%        6
 Orb of Destruction       Conj           0%         9d5       100%        7
 Spellforged Servitor     Conj/Summ      0%         N/A       100%        7
 Ignition                 Fire           0%         3d3       100%        8
 Dragon's Call            Summ           0%         N/A       100%        9


Dungeon Overview and Level Annotations

Branches:
Dungeon (15/15)            Temple (1/1) D:6            Lair (5/5) D:8
 Shoals (4/4) Lair:3        Snake (4/4) Lair:2        Slime (0/5) Lair:5
    Orc (2/2) D:10            Elf (3/3) Orc:2        Vaults (0/5) D:14
 Depths (0/4) D:15        Ossuary (visited)         Volcano (visited)
Gauntlet (visited)

Altars:
Ashenzari
Cheibriados
Dithmenos
Elyvilon
Fedhas
Gozag
Hepliaklqana
Kikubaaqudgha
Makhleb
Nemelex Xobeh
Okawaru
Qazlal
Ru
Sif Muna
Trog
Uskayaw
Vehumet
Wu Jian
Xom
Yredelemnul
Zin
The Shining One

Shops:
D:7 [   D:13 *   Orc:2 (*!*!   Elf:3 *   Shoals:1 *(   Shoals:4 *   Snake:2 :

Annotations:
Elf:2 3 runed translucent doors
Elf:3 Norris


Innate Abilities, Weirdness & Mutations

You are something dangerously unstable.
You glow with magical radiation, making you easy to see and hit.
Foes you strike become dangerously contaminated with magical radiation.
You are incapable of wielding weapons or throwing items.
You are too large for most types of armour.
You have claws for hands.
Your natural rate of healing is unusually fast.
You are covered in fur. (AC +1)
You have tough skin. (AC +1)


Message History

Your Dodging skill increases to level 6!
Unknown command.
Unknown command.
Your muscles tense, ready for explosive movement...
The naga's grasp on you weakens, but your attempt to escape fails.
The shock serpent bites you but does no damage.
The salamander tyrant hits you!
* * * LOW HITPOINT WARNING * * *
You are engulfed in flames!
You resist.
* * * LOW HITPOINT WARNING * * *
The naga hits you with a +0 scimitar!
* * * LOW HITPOINT WARNING * * *
The naga constricts you.
* * * LOW HITPOINT WARNING * * *
The salamander shoots an arrow.
The arrow closely misses you. The nagaraja completely misses you.
The salamander barely misses you.
The naga sharpshooter mumbles some strange words.
The shock serpent bites you!
* * * LOW HITPOINT WARNING * * *
The shock serpent shocks you. You resist.
* * * LOW HITPOINT WARNING * * *
Unknown command.
Press: ? - help, v - describe, . - travel The floor, spattered with blood.
This square is lit by a halo.
There is a cloud of golden dust here.
Okay, then.
Okay, then.
As you read the scroll of fear, it crumbles to dust.
You assume a fearsome visage.
The naga looks frightened!
The naga sharpshooter resists with almost no effort.
The shock serpent looks frightened!
The salamander tyrant looks frightened!
The nagaraja resists with almost no effort.
The salamander looks frightened! x2
The naga sharpshooter resists with some effort.
The nagaraja hits you but does no damage.
The naga sharpshooter mumbles some strange words.
The naga sharpshooter magically shoots an arrow.
The arrow hits you!
You die...

##.# #.# # ##.. #.#
#.### # .#.# #.#
#...# # #...
#.#####.§.#####
#.#.####. .##§...°.☼
##....##.###.###†####
##.☼○§☼##..§.§###.#
##..○☼N☼#.......#).#
#≈≈.○Np☼+§§§§§≈†'..#
#≈≈.○☼NS#§§≈≈§§.'))#
#≈≈.NNNN°○§≈≈§≈§'..#
##...N○.#☼§..§.§#.##
##...§○##§....####
##.... #.###.# #.#.#
##...## #... #####
.#.#


You could see a nagaraja (fast), 2 naga sharpshooters, a salamander tyrant
(fleeing, heavy contam), 2 salamanders, a shock serpent (fleeing, contam) and a
naga (fleeing, contam).

Vanquished Creatures
  Bai Suzhen (Snake:4)
  Asterion (Snake:3)
  A kraken (Shoals:3)
  Donald (Elf:1)
  Agnes (Snake:4)
  A nagaraja (Snake:3)
  The ghost of wireframewife the Thaumaturge, an adept GnWr of Nemelex Xobeh (Snake:1)
  Ilsuiw (Shoals:2)
  2 frost giants (Shoals:3)
  2 deep elf sorcerers
  An orc warlord (Orc:2)
  An ironbound preserver (D:14)
  2 formless jellyfish
  A deep elf annihilator (Elf:1)
  A minotaur (Gauntlet)
  A dire elephant (Lair:5)
  An ettin (D:12)
  A deep elf death mage (Orc:2)
  3 merfolk impalers
  A merfolk javelineer (Shoals:2)
  An entropy weaver (D:14)
  2 fire dragons
  Fannar (Orc:1)
  A salamander tyrant (Snake:4)
  2 hydras (Lair:5)
  A merfolk avatar (Shoals:4)
  A catoblepas (D:10)
  3 centaur warriors
  12 anacondas
  Erica (D:8)
  7 merfolk aquamancers
  6 boulder beetles
  A satyr (Shoals:4)
  An alligator snapping turtle (Shoals:4)
  10 dancing weapons
  5 two-headed ogres
  5 naga warriors
  A hell hog (Volcano)
  5 shock serpents
  11 naga sharpshooters
  3 orc high priests (Orc:2)
  6 deep elf knights
  Sonja (Lair:4)
  7 skysharks
  The ghost of jejorda2 the Chopper, a novice GnBe of Trog (D:7)
  3 salamander mystics
  15 sea snakes
  7 skeletal warriors (D:14)
  5 naga ritualists
  4 deep elf archers
  A swamp dragon (Lair:5)
  4 harpies (Shoals:4)
  A kraken simulacrum (Shoals:3)
  5 orc knights
  6 mana vipers
  19 deep elf pyromancers
  23 deep elf zephyrmancers
  A wolf spider (D:14)
  20 manticores
  2 oklob plants (Shoals:4)
  6 ugly things
  6 orc sorcerers
  8 fauns
  12 salamanders
  6 cyclopes
  15 naga magi
  4 elephants (Lair:5)
  9 merfolk sirens
  10 cane toads
  A molten gargoyle (Volcano)
  30 black mambas
  3 guardian serpents
  2 water nymphs (Shoals:4)
  3 gargoyles
  Maggie (D:6)
  A smoke demon (Gauntlet)
  4 unseen horrors
  Psyche (D:8)
  6 komodo dragons
  2 kobold demonologists (D:12)
  An efreet (D:13)
  7 rime drakes
  3 trolls
  17 merfolk
  3 wind drakes
  A tarantella (shapeshifter) (Elf:1)
  12 polar bears (Lair:5)
  14 blink frogs
  6 snapping turtles
  8 dream sheep
  4 raiju (Lair:5)
  5 slime creatures
  4 centaur simulacra
  11 wyverns
  A vampire (D:12)
  21 water elementals
  4 wraiths
  A shadow (D:12)
  11 fire bats (Volcano)
  A fire elemental (Elf:1)
  4 steam dragons
  16 basilisks
  37 yaks
  2 sea snake simulacra (Shoals:3)
  14 vampire mosquitoes
  Grum (D:10)
  4 death yak simulacra (Shoals:3)
  8 wargs
  2 harpy simulacra (Shoals:3)
  43 nagas
  4 acid dragons
  28 water moccasins
  A hydra simulacrum (Gauntlet)
  3 swamp worms (Gauntlet)
  14 hell hounds
  24 orc warriors
  A meliai simulacrum (D:14)
  2 swamp drakes (Lair:5)
  14 black bears
  An ice beast (D:8)
  2 sky beasts
  5 ogres
  32 wolves
  3 phantoms
  5 centaurs
  3 kobold brigands
  3 scorpions
  3 merfolk simulacra (Shoals:3)
  11 bullfrogs
  3 earth elementals (Elf:2)
  2 faun simulacra (Shoals:3)
  A manticore simulacrum (Shoals:3)
  3 snapping turtle simulacra (Shoals:3)
  10 killer bees
  4 howler monkeys
  An electric eel (Snake:3)
  4 crimson imps (Gauntlet)
  3 hounds
  7 lava snakes (Volcano)
  3 jellies
  18 orc priests
  A gnoll bouda (D:3)
  7 iguanas
  3 cyclops simulacra (Shoals:3)
  29 orc wizards
  8 hell rats
  A mummy (Ossuary)
  6 gnolls
  8 adders
  A shadow imp (D:7)
  4 white imps
  4 ufetubi
  A dart slug (D:3)
  A worm (D:2)
  90 orcs
  6 bats
  9 endoplasms
  2 giant cockroaches
  4 goblins
  3 hobgoblins
  3 jackals (D:2)
  A quokka (D:3)
  5 ball pythons
  2 frilled lizards
  2 gnoll skeletons (Ossuary)
  15 kobolds
  7 kobold skeletons (Ossuary)
  16 orc skeletons (Ossuary)
  2 rats (D:3)
  7 tentacles
1098 creatures vanquished.

Vanquished Creatures (others)
  An orc wizard (D:10)
  An orc (Orc:2)
  20 tentacles
22 creatures vanquished.

Grand Total: 1120 creatures vanquished

Notes
Turn   | Place    | Note
-------+----------+-------------------------------------------
     0 | D:1      | monsoonserge the Troll Shapeshifter began the quest for the
                  | Orb.
     0 | D:1      | Reached XP level 1. HP: 18/18 MP: 0/0
   174 | D:1      | Reached XP level 2. HP: 26/26 MP: 1/1
   649 | D:2      | Identified the +7 short sword of Yqunted {flame, Fly rPois
                  | rCorr Str+4}
   681 | D:2      | Reached XP level 3. HP: 32/32 MP: 2/2
  1137 | D:2      | Reached skill level 4 in Unarmed Combat
  1173 | D:3      | Found an ancient bone altar of Kikubaaqudgha.
  1201 | D:3      | Reached skill level 1 in Fighting
  1578 | D:3      | Reached XP level 4. HP: 38/41 MP: 3/3
  1794 | D:3      | Reached skill level 5 in Unarmed Combat
  2154 | D:4      | Reached XP level 5. HP: 41/48 MP: 4/4
  2521 | D:5      | Entered Level 5 of the Dungeon
  2666 | D:5      | Found a shimmering altar of Xom.
  2696 | D:5      | Found a shadowy altar of Dithmenos.
  2698 | D:5      | Found a white marble altar of Elyvilon.
  2699 | D:5      | Found a hide-covered altar of Uskayaw.
  2699 | D:5      | Found a sparkling altar of Nemelex Xobeh.
  2856 | D:5      | Reached XP level 6. HP: 55/55 MP: 5/5
  2867 | D:5      | Reached skill level 6 in Unarmed Combat
  2900 | D:5      | Identified the +2 hat of Vathuyq {-Cast Rampage rPois}
  3024 | D:5      | Reached XP level 7. HP: 62/62 MP: 6/6
  3362 | D:6      | Reached skill level 7 in Unarmed Combat
  3383 | D:6      | Found a sand-covered staircase.
  3403 | Ossuary  | Entered an ossuary
  3403 | Ossuary  | Noticed a wraith
  3403 | Ossuary  | Noticed a wraith
  3403 | Ossuary  | Noticed a wraith
  3557 | Ossuary  | Noticed a wraith
  3578 | Ossuary  | Killed a wraith
  3579 | Ossuary  | Reached skill level 1 in Stealth
  3579 | Ossuary  | Reached XP level 8. HP: 66/71 MP: 7/7
  3658 | D:6      | Noticed Maggie
  3721 | D:6      | Found a staircase to the Ecumenical Temple.
  3727 | Temple   | Entered the Ecumenical Temple
  3750 | Temple   | Became a worshipper of the Wu Jian Council
  3938 | D:6      | Killed Maggie
  3939 | D:6      | Reached skill level 8 in Unarmed Combat
  3939 | D:6      | Reached skill level 5 in Shapeshifting
  4035 | D:6      | Found a hazy altar of Hepliaklqana.
  4045 | D:6      | Reached skill level 1 in Throwing
  4219 | D:6      | Found a shimmering blue altar of Sif Muna.
  4497 | D:7      | Reached skill level 9 in Unarmed Combat
  4588 | D:7      | Reached skill level 1 in Armour
  4588 | D:7      | Reached skill level 1 in Shields
  4624 | D:7      | Reached XP level 9. HP: 75/79 MP: 8/8
  4626 | D:7      | Reached * piety under Wu Jian
  4826 | D:7      | Found a runed translucent gate.
  4826 | D:7      | Found a runed translucent gate.
  4826 | D:7      | Found a runed translucent gate.
  4828 | D:7      | Noticed jejorda2's ghost (novice GnBe)
  4865 | D:7      | Found Afraemna's Antique Armour Boutique.
  5092 | D:7      | Noticed an unseen horror
  5094 | D:7      | Killed an unseen horror
  5095 | D:7      | Reached skill level 10 in Unarmed Combat
  5718 | D:8      | Reached ** piety under Wu Jian
  5746 | D:8      | Reached XP level 10. HP: 75/88 MP: 9/9
  5851 | D:8      | Found a staircase to the Lair.
  5858 | D:8      | Noticed Erica
  5868 | D:8      | Killed Erica
  5869 | D:8      | Reached skill level 11 in Unarmed Combat
  5984 | D:8      | Noticed Psyche
  5995 | D:8      | Killed Psyche
  6485 | D:9      | Found a basalt altar of Yredelemnul.
  6623 | D:9      | Reached skill level 12 in Unarmed Combat
  6703 | D:9      | Reached *** piety under Wu Jian
  6796 | D:9      | Identified the +3 trident of the Delicate God {venom, *Rage
                  | Int+3 Dex+2 SInv}
  6819 | D:9      | Noticed a two-headed ogre
  6827 | D:9      | Killed a two-headed ogre
  7035 | D:10     | Entered Level 10 of the Dungeon
  7092 | D:10     | Noticed Grum
  7101 | D:10     | Reached skill level 1 in Evocations
  7102 | D:10     | Killed Grum
  7103 | D:10     | Reached skill level 13 in Unarmed Combat
  7103 | D:10     | Reached XP level 11. HP: 79/96 MP: 10/10
  7210 | D:10     | Noticed a catoblepas
  7225 | D:10     | Killed a catoblepas
  7249 | D:10     | Noticed a two-headed ogre
  7249 | D:10     | Found the +6 shillelagh "Devastator" {shatter}
  7253 | D:10     | Noticed a boulder beetle
  7256 | D:10     | Killed a two-headed ogre
  7266 | D:10     | Killed a boulder beetle
  7407 | D:10     | Found a staircase to the Orcish Mines.
  7504 | D:10     | Noticed an orc knight
  7538 | D:10     | Noticed a centaur warrior
  7843 | D:11     | Reached skill level 14 in Unarmed Combat
  8070 | D:11     | Noticed a boulder beetle
  8080 | D:11     | Killed a boulder beetle
  8737 | D:10     | Killed an orc knight
  8808 | D:10     | Killed a centaur warrior
  8987 | Lair:1   | Entered Level 1 of the Lair of Beasts
  9127 | Lair:1   | Reached XP level 12. HP: 101/105 MP: 11/11
  9190 | Lair:1   | Reached **** piety under Wu Jian
  9199 | Lair:1   | Reached skill level 15 in Unarmed Combat
  9692 | Lair:2   | Reached skill level 5 in Armour
  9824 | Lair:2   | Found a staircase to the Snake Pit.
  9952 | Lair:2   | Reached skill level 16 in Unarmed Combat
 10011 | Lair:2   | Found a dark tunnel.
 10027 | Volcano  | Entered a volcano
 10124 | Volcano  | Reached ***** piety under Wu Jian
 10291 | Volcano  | Found a radiant altar of Vehumet.
 10291 | Volcano  | Noticed a hell hog
 10332 | Volcano  | Killed a hell hog
 10406 | Volcano  | Noticed a fire dragon
 10417 | Volcano  | Killed a fire dragon
 10772 | Lair:2   | Reached XP level 13. HP: 113/113 MP: 12/12
 10783 | Lair:2   | Reached skill level 17 in Unarmed Combat
 11129 | Lair:3   | Found a gate leading to a gauntlet.
 11154 | Gauntlet | Entered a Gauntlet
 11154 | Gauntlet | Found a transporter.
 11154 | Gauntlet | Found a transporter.
 11154 | Gauntlet | Found a transporter.
 11175 | Gauntlet | Found a transporter.
 11191 | Gauntlet | Found a transporter.
 11192 | Gauntlet | Found a transporter.
 11193 | Gauntlet | Found a large runed translucent door.
 11194 | Gauntlet | Found a large runed translucent door.
 11195 | Gauntlet | Found a large runed translucent door.
 11195 | Gauntlet | Found a large runed translucent door.
 11195 | Gauntlet | Found a runed translucent door.
 11195 | Gauntlet | Found a runed translucent door.
 11196 | Gauntlet | Found a large runed translucent door.
 11197 | Gauntlet | Found a large runed translucent door.
 11197 | Gauntlet | Found a large runed translucent door.
 11197 | Gauntlet | Found a large runed translucent door.
 11197 | Gauntlet | Found a large runed translucent door.
 11197 | Gauntlet | Found a large runed translucent door.
 11198 | Gauntlet | Found a large runed translucent door.
 11199 | Gauntlet | Found a large runed translucent door.
 11203 | Gauntlet | Found a large runed translucent door.
 11203 | Gauntlet | Found a large runed translucent door.
 11204 | Gauntlet | Found a runed translucent gate.
 11204 | Gauntlet | Found a runed translucent gate.
 11204 | Gauntlet | Found a runed translucent gate.
 11206 | Gauntlet | Found a transporter.
 11216 | Gauntlet | Found a large runed translucent door.
 11217 | Gauntlet | Found a large runed translucent door.
 11223 | Gauntlet | Found a runed translucent door.
 11225 | Gauntlet | Found a transporter.
 11228 | Gauntlet | Found a transporter.
 11231 | Gauntlet | Found a runed translucent door.
 11250 | Gauntlet | Found a transporter.
 11263 | Gauntlet | Found a transporter.
 11266 | Gauntlet | Found a transporter.
 11497 | Gauntlet | Identified the -2 hat of Opnuosm {rC+ Will+ Str+2}
 11530 | Gauntlet | Noticed a minotaur
 11550 | Gauntlet | Killed a minotaur
 11693 | Lair:3   | Found a staircase to the Shoals.
 12331 | Lair:4   | Noticed Sonja
 12359 | Lair:4   | Killed Sonja
 12473 | Lair:4   | Reached skill level 18 in Unarmed Combat
 13107 | Lair:5   | Entered Level 5 of the Lair of Beasts
 13350 | Lair:5   | Reached XP level 14. HP: 112/122 MP: 13/13
 13450 | Lair:5   | Reached skill level 19 in Unarmed Combat
 13584 | Lair:5   | Reached ****** piety under Wu Jian
 14072 | Lair:5   | Found a staircase to the Slime Pits.
 14134 | Lair:5   | Identified the +3 scale mail of the Carpenter {-Cast Dex+6
                  | Slay+4}
 14302 | Lair:5   | Identified the ring of the Eagle {MP+9 Str+4}
 14772 | Orc:1    | Entered Level 1 of the Orcish Mines
 15210 | Orc:2    | Entered Level 2 of the Orcish Mines
 15280 | Orc:2    | Reached skill level 20 in Unarmed Combat
 15286 | Orc:2    | Found Mouph's Assorted Antiques.
 15286 | Orc:2    | Found Fif Imm's Antique Weapon Shoppe.
 15293 | Orc:2    | Found Xuesamm's General Store.
 15293 | Orc:2    | Found Sehef's Distillery.
 15299 | Orc:2    | Reached skill level 10 in Shapeshifting
 15339 | Orc:2    | Noticed an orc warlord
 15348 | Orc:2    | Found Wedgh's Distillery.
 15367 | Orc:2    | Killed an orc warlord
 15493 | Orc:2    | Bought a bubbling coppery potion for 26 gold pieces
 15493 | Orc:2    | Bought a scroll labelled XUUR MA MOYK for 29 gold pieces
 15496 | Orc:2    | Bought a smoking copper ring for 145 gold pieces
 15496 | Orc:2    | Identified the ring "Beh Huutt" {rF+ rCorr} (You bought it
                  | in a shop on level 2 of the Orcish Mines)
 15549 | Orc:2    | Found a staircase to the Elven Halls.
 15643 | Orc:2    | Bought a potion of invisibility for 136 gold pieces
 15840 | Orc:1    | Noticed Fannar
 15849 | Orc:1    | Killed Fannar
 15939 | Orc:1    | Reached skill level 5 in Evocations
 16607 | D:12     | Reached XP level 15. HP: 117/130 MP: 14/14
 16629 | D:12     | Learned a level 2 spell: Blink
 17078 | D:12     | Identified the +1 ring mail "Fawkutir" {Fly Str+4}
 17431 | D:13     | Found an opulent altar of Gozag.
 17433 | D:13     | Found Gozag's Platinum Reserve.
 17543 | D:13     | You fall into a shaft and drop 2 floors!
 17543 | D:15     | Entered Level 15 of the Dungeon
 17583 | D:14     | Found a gate to the Vaults.
 17592 | D:14     | Reached skill level 1 in Spellcasting
 17599 | D:14     | Reached skill level 21 in Unarmed Combat
 17599 | D:14     | Reached skill level 1 in Translocations
 18986 | D:7      | Killed jejorda2's ghost
 19087 | Snake:1  | Identified the of Heriot
 19087 | Snake:1  | Entered Level 1 of the Snake Pit
 19099 | Lair:2   | Reached skill level 5 in Dodging
 19341 | Snake:1  | Found a shimmering altar of Xom.
 19524 | Snake:1  | You fall into a shaft and drop 1 floor!
 19723 | Snake:1  | Found a runed translucent door.
 19969 | Snake:1  | Identified the +7 flail "Jeyzemoa" {drain, *Rage Str+5
                  | Int+8 SInv}
 20107 | Snake:1  | Noticed wireframewife's ghost (adept GnWr)
 20236 | Snake:1  | Reached skill level 5 in Fighting
 20544 | Snake:1  | Killed wireframewife's ghost
 20545 | Snake:1  | Reached XP level 16. HP: 139/141 MP: 16/16
 20688 | Snake:2  | Reached skill level 22 in Unarmed Combat
 21113 | Snake:2  | Found Feimist's Book Shop.
 22263 | Snake:4  | Entered Level 4 of the Snake Pit
 22437 | Snake:4  | Noticed Agnes
 22449 | Snake:4  | Killed Agnes
 22716 | Snake:4  | Noticed Asterion
 22734 | Snake:3  | Killed Asterion
 22896 | Snake:4  | Noticed Bai Suzhen
 22908 | Snake:4  | HP: 7/145 [naga sharpshooter/arrow (9)]
 23079 | Shoals:1 | Entered Level 1 of the Shoals
 23108 | Shoals:1 | Paralysed by a formless jellyfish for 1 turns
 23366 | Shoals:1 | You fall into a shaft and drop 1 floor!
 23393 | Shoals:2 | Noticed Ilsuiw
 23419 | Shoals:2 | Killed Ilsuiw
 23595 | Shoals:1 | Reached skill level 23 in Unarmed Combat
 23767 | Shoals:1 | Found Qing's Assorted Antiques.
 23891 | Shoals:1 | Found Melovyc's Weapon Shoppe.
 24726 | Shoals:3 | Found a runed translucent gate.
 24726 | Shoals:3 | Found a runed translucent gate.
 24726 | Shoals:3 | Found a runed translucent gate.
 24739 | Shoals:3 | Reached XP level 17. HP: 120/154 MP: 17/17
 25163 | Shoals:3 | Noticed a kraken
 25177 | Shoals:3 | Killed a kraken
 25822 | Shoals:4 | Entered Level 4 of the Shoals
 25822 | Shoals:4 | Found Vurivve's General Store.
 26074 | Shoals:4 | Noticed a kraken
 26120 | Shoals:4 | HP: 2/156 [tentacle[a kraken] (17)]
 26693 | Shoals:4 | Found the necklace of Bloodlust {Fury *Rage Will++ Int-3
                  | Slay+6}
 26758 | Shoals:4 | Identified 4 scrolls of acquirement
 26761 | Shoals:4 | Acquired the ring "Ossutyl" {rElec rCorr Int-5 Dex+2}
 26767 | Shoals:4 | Acquired 1168 gold pieces
 26769 | Shoals:4 | Acquired 744 gold pieces
 26770 | Shoals:4 | Acquired 792 gold pieces
 26860 | Shoals:4 | Bought 5 atropa-tipped darts for 85 gold pieces
 27523 | Vaults:5 | Identified the of Milurrir
 27523 | Vaults:5 | Identified the "Oneykeddie"
 27523 | Crypt:3  | Identified the "Ofeph"
 27523 | Elf:1    | Entered Level 1 of the Elven Halls
 27567 | Elf:1    | Reached skill level 10 in Armour
 27945 | Elf:1    | Reached skill level 24 in Unarmed Combat
 28002 | Elf:1    | Noticed Donald
 28014 | Elf:1    | Killed Donald
 28598 | Elf:2    | Reached XP level 18. HP: 156/167 MP: 18/18
 28776 | Elf:2    | Learned a level 1 spell: Apportation
 28789 | Elf:2    | Found a runed translucent gate.
 28789 | Elf:2    | Found a runed translucent gate.
 28789 | Elf:2    | Found a runed translucent gate.
 29310 | Elf:3    | Identified the "Siybug"
 29310 | Elf:3    | Identified the of Wehejogysm
 29310 | Elf:3    | Entered Level 3 of the Elven Halls
 29447 | Elf:3    | Identified the +2 robe "Avofomuq" {Fly rC- rN+ Archmagi}
 29671 | Elf:3    | Noticed Norris
 29812 | Elf:3    | Found Xoxtow's Assorted Antiques.
 29823 | Elf:3    | Bought a sedimented purple potion for 19 gold pieces
 29866 | Elf:3    | Noticed a Brimstone Fiend
 31130 | Snake:4  | Killed Bai Suzhen
 31382 | Snake:4  | HP: 7/169 [shock serpent (9)]
 31382 | Snake:4  | HP: 3/169 [shock serpent (4)]
 31383 | Snake:4  | Shot with an arrow by a naga sharpshooter

Illustrated notes

Levels and vault maps discovered:
D:1:      dpeg_arrival_concentric_ovals, layout_basic
D:2:      layout_loops_ring
D:3:      layout_loops_corners, mainiacjoe_overflow_six_doors_small,
          grunt_decor_one_mirror, feat_on_display
D:4:      layout_rooms
D:5:      layout_loops_ring, grunt_temple_overflow_open, xom_teletrap_fun
D:6:      layout_basic, mainiacjoe_overflow_catwalk,
          nicolae_overflow_hidden_temple, minmay_temple_entry_nine_rooms,
          enter_ossuary_1, minmay_misc_feat_columns, uniq_maggie
D:7:      layout_loops_ring, serial_shops, shop, ebering_ghost_rock_garden,
          minmay_fractal_squares_gapless_5
D:8:      layout_gridville, due_lair_maze_entry_diamond, uniq_psyche, uniq_erica
D:9:      layout_loops_ring, mainiacjoe_overflow_alcove_4
D:10:     minmay_roctagon, layout_loops_ring, amcnicky_mini_corridor_feature,
          minmay_diamond_spiral, uniq_grum
D:11:     layout_basic
D:12:     nzn_winding_woodlands_medium [nzn_winding_woodlands_5x5_three,
          nzn_winding_woodlands_5x15_sawtooth,
          nzn_winding_woodlands_5x5_checkerboard,
          nzn_winding_woodlands_hourglass, nzn_winding_woodlands_center_lodge,
          nzn_winding_woodlands_5x5_closed_star,
          nzn_winding_woodlands_5x5_default,
          nzn_winding_woodlands_5x15_lazy_stream,
          nzn_winding_woodlands_5x5_cross], layout_stronghold
D:13:     layout_loops_ring, nicolae_gozag_zags_fifth_avenue
D:14:     layout_roguey, hellmonk_vaults_order_and_chaos, serial_park_tiny_2,
          hangedman_abyss_or_decor_passed
D:15:     grunt_enter_depths_hoard, layout_basic
Temple:   nicolae_temple_figure_eight
Lair:1:   layout_roguey, lemuel_fruit_tree
Lair:2:   layout_regular_city, minmay_snake_entry_six_corridors,
          lightli_volcano_entry_magma_tube, beast_lair_carwin_10
Lair:3:   layout_regular_city, minmay_shoals_entry_centaurs,
          gauntlet_entry_generic
Lair:4:   layout_roguey [special_room_mythical_zoo], uniq_sonja
Lair:5:   hangedman_lair_caniforms_friends, layout_concentric_octagons,
          guppyfry_lair_end_dragon, nicolae_slime_entry_slimehenge,
          grunt_megastairs_5
Shoals:1: layout_shoals, serial_shops, shop, nicolae_shoals_c_island
Shoals:2: layout_shoals, uniq_ilsuiw
Shoals:3: layout_shoals, nicolae_shoals_beach_cooler
Shoals:4: shoals_end_hangedman, layout_shoals, serial_shops,
          nicolae_diamond_shop, nicolae_shoals_this_corrosion
Snake:1:  layout_honeycomb, hellmonk_ghost_happy_afterlife, basic_altar
Snake:2:  layout_misc_corridors, serial_shops, shop,
          nicolae_snake_slithery_corners
Snake:3:  layout_misc_corridors, grunt_megastairs_4, serial_bayou_shore_a
Snake:4:  grunt_snake_rune_pools, layout_gridlike, drop_trap,
          nicolae_snake_gridmaze_big_u, st_stairs_8, serial_bayou_shore_b,
          uniq_agnes, uniq_asterion, uniq_bai_suzhen, uniq_vashnia
Orc:1:    layout_diamond_mine, uniq_fannar
Orc:2:    grunt_orc_tribal_feast, layout_diamond_mine, serial_shops, shop,
          mines1_david
Elf:1:    elf_arrival_002, layout_loops_cross, hangedman_elf_represent,
          uniq_donald
Elf:2:    nicolae_elf_blades_splatter_lattice [mumra_blade_entry_dagger],
          layout_geoelf_diagonals, serial_sigils, serial_sigils_hangedman_snap,
          serial_sigils_hangedman_shear, serial_sigils_hangedman_writhe,
          serial_sigils_hangedman_stare
Elf:3:    minmay_elf_hall_dome, layout_geoelf_diagonals, ebering_ghost_xom,
          serial_shops, nicolae_shop_tiny_statue_garden, uniq_norris

Skill      XL: |  1  2  3  4  5  6  7  8  9 10 11 12 13 14 15 16 17 18 |
---------------+-------------------------------------------------------+-----
Unarmed Combat | 4 5 6 7 9 10 13 14 16 18 20 21 23 24 | 24.6
Fighting       | 1 2 3 4 5 6 8 |  8.4
Dodging        | 2 3 4 5 6 |  6.0
Shapeshifting  | 4 5 6 7 8 9 10 11 | 11.8
Stealth        | 1 |  1.0
Throwing       | 1 |  1.2
Armour         | 1 3 4 5 6 7 8 9 10 | 10.5
Shields        | 1 2 |  2.3
Evocations     | 1 3 4 5 6 |  6.0
Spellcasting   | 1 2 |  2.0
Translocations | 1 2 |  2.6

Action                     |  1- 3 |  4- 6 |  7- 9 | 10-12 | 13-15 | 16-18 || total
---------------------------+-------+-------+-------+-------+-------+-------++-------
  Melee: Unarmed           |    76 |    79 |   271 |   680 |  1577 |  1372 ||  4055
         Punch             |       |       |     1 |       |       |       ||     1
  Throw: Boomerang         |       |       |     5 |       |       |       ||     5
         Javelin           |       |       |     2 |       |       |       ||     2
         Dart              |       |       |     3 |       |       |       ||     3
 Invoke: Serpent's Lash    |       |       |       |       |     6 |     9 ||    15
         Heavenly Storm    |       |       |       |       |     3 |     2 ||     5
Ability: Lunge             |       |       |    17 |    38 |    91 |   150 ||   296
         Whirlwind         |       |       |    31 |   124 |   549 |   272 ||   976
         Wall Jump         |       |       |       |       |     3 |       ||     3
         Begin Untransform |       |       |       |       |     1 |     1 ||     2
  Evoke: Sack of spiders   |       |       |       |       |     1 |       ||     1
         Phantom mirror    |       |       |       |       |       |     1 ||     1
         Wand              |       |       |       |       |       |     3 ||     3
         Tin of tremorston |       |       |       |       |       |     2 ||     2
    Use: Scroll            |       |     8 |     5 |     3 |     5 |    14 ||    35
         Potion            |       |       |       |     4 |     1 |     5 ||    10
   Stab: Sleeping          |       |     1 |       |       |       |       ||     1
 Armour: Animal skin       |    41 |    49 |    45 |       |       |       ||   135
         Swamp dragon scal |       |       |   110 |     2 |       |   177 ||   289
         Storm dragon scal |       |       |       |   474 |  1063 |   907 ||  2444
  Dodge: Dodged            |    41 |    34 |    95 |   134 |   422 |   371 ||  1097
  Block: Other             |     9 |       |    22 |    25 |       |       ||    56
         Kite shield       |       |       |    74 |       |       |       ||    74
         Reflection        |       |       |     8 |       |       |       ||     8
   Form: Flux              |       |       |     2 |     1 |     4 |     2 ||     9
         Beast             |       |       |     1 |     1 |     1 |       ||     3
                           |       |       |     1 |       |       |       ||     1
         Anaconda          |       |       |       |       |     3 |       ||     3
         Blade             |       |       |       |       |       |     1 ||     1

Table legend: (Time is in decaauts)
 A = Elapsed time spent in this place.
 B = Non-inter-level travel time spent in this place.
 C = Inter-level travel time spent in this place.
 D = Time resting spent in this place.
 E = Time spent auto-exploring this place.
 F = Levels seen in this place.
 G = Mean time per level.
                   A        B        C        D        E       F      G
               +--------+--------+--------+--------+--------+-----+--------+
         Total |  30790 |  26975 |   3815 |   2114 |  13350 |  37 |  832.2 |
       Dungeon |  11795 |  10455 |   1340 |    352 |   6779 |  15 |  786.3 |
        Temple |     40 |      6 |     34 |      0 |      0 |   1 |   40.0 |
          Lair |   5183 |   4466 |    717 |    239 |   2454 |   5 | 1036.6 |
        Shoals |   4493 |   4004 |    489 |    761 |   1124 |   4 | 1123.2 |
     Snake Pit |   4295 |   3819 |    476 |    476 |   1742 |   4 | 1073.8 |
  Orcish Mines |   1452 |   1105 |    347 |     37 |    567 |   2 |  726.0 |
   Elven Halls |   2381 |   1971 |    410 |    123 |    543 |   3 |  793.7 |
       Ossuary |    210 |    210 |      0 |      0 |      7 |   1 |  210.0 |
       Volcano |    533 |    533 |      0 |     26 |    134 |   1 |  533.0 |
      Gauntlet |    404 |    404 |      0 |    100 |      0 |   1 |  404.0 |
               +--------+--------+--------+--------+--------+-----+--------+

Top non-repeatable levels by time:
Shoals:3: 1711 daAuts
 Snake:3: 1475 daAuts
  Lair:5: 1331 daAuts
     D:7: 1298 daAuts
    D:12: 1275 daAuts
 Snake:1: 1245 daAuts
  Lair:2: 1235 daAuts
    D:10: 1093 daAuts
Shoals:2: 1082 daAuts
   Elf:1: 1066 daAuts
     D:6: 1054 daAuts
    D:11: 1035 daAuts
  Lair:3: 961 daAuts
     D:3: 936 daAuts
     D:9: 870 daAuts
